 Dungeon Crawl Stone Soup version 0.23.2-30-g0e89c35649 (webtiles) character file.

Game seed: 7655069482166869849

341 Mrkan the Cudgeler (level 6, -1/40 HPs)
             Began as a Gargoyle Monk on June 23, 2019.
             Was a Priest of Zin.
             Slain by a gnoll (3 damage)
             ... on level 4 of the Dungeon.
             The game lasted 00:06:55 (2990 turns).

Mrkan the Cudgeler (Gargoyle Monk)                  Turns: 2990, Time: 00:06:56

Health: -1/40      AC: 15    Str: 16    XL:     6   Next: 56%
Magic:  6/6        EV:  5    Int: 11    God:    Zin [***...]
Gold:   149        SH:  0    Dex: 12    Spells: 5/5 levels left

rFire    . . .     SeeInvis .   a - +0 mace
rCold    . . .     Gourm    .   (no shield)
rNeg     + . .     Faith    .   m - +0 plate armour
rPois    ∞         Spirit   .   (no helmet)
rElec    +         Reflect  .   (no cloak)
rCorr    .         Harm     .   (no gloves)
MR       .....                  i - +0 pair of boots
Stlth    ..........             (no amulet)
HPRegen  0.13/turn              (no ring)
MPRegen  0.10/turn              (no ring)

@: no status effects
A: negative energy resistance 1, electricity resistance, unbreathing,
petrification resistance, rot immunity, AC +4
a: Recite, Vitalisation, Imprison, Donate Gold, Renounce Religion


You were on level 4 of the Dungeon.
You worshipped Zin.
Zin was most pleased with you.
You were hungry.

You visited 1 branch of the dungeon, and saw 4 of its levels.

You collected 165 gold pieces.
You donated 16 gold pieces to Zin.

Inventory:

Hand Weapons
 a - a +0 mace (weapon)
Armour
 b - a +0 robe
 i - a +0 pair of boots (worn)
 m - a +0 plate armour (worn)
 o - a +1 hat
Jewellery
 e - a +3 ring of intelligence {unknown}
 k - a +2 ring of dexterity {unknown}
Wands
 q - a wand of paralysis (8)
Scrolls
 d - a scroll of noise {unknown}
 g - 2 scrolls of random uselessness {unknown}
 h - a scroll of remove curse {unknown}
 j - a scroll of teleportation {unknown}
 l - a scroll of fear {unknown}
 p - a scroll of identify {unknown}
 s - a scroll of amnesia {unknown}
 u - a scroll of enchant weapon {unknown}
 v - a scroll of magic mapping {unknown}
Potions
 f - 2 potions of heal wounds {unknown}
 n - a potion of haste {unknown}
 r - a potion of magic {unknown}
 t - a potion of curing {unknown}
Comestibles
 c - 7 rations
 w - 3 chunks of flesh


   Skills:
 + Level 5.2 Fighting
 * Level 6.1 Maces & Flails
 - Level 2.4 Dodging
 - Level 2.1 Stealth
 + Level 0.2 Invocations


You had 5 spell levels left.
You didn't know any spells.
Your spell library was empty.

Dungeon Overview and Level Annotations

Branches:
Dungeon (4/15)
 Temple: D:4-7

Altars:
Ashenzari
Zin


Innate Abilities, Weirdness & Mutations

You are resistant to torment.
Your stone body is resilient. (AC +4)
You are immune to poison.
You resist negative energy. (rN+)
You are resistant to electric shocks. (rElec)
You can survive without breathing.
You are immune to petrification.
You are immune to rotting.


Message History

The gnoll hits you but does no damage.
You see here a gnoll corpse.
The phantom blinks!
The gnoll hits you with a +0 flail!
* * * LOW HITPOINT WARNING * * *
The gnoll hits you but does no damage.
The phantom blinks!
The gnoll hits you but does no damage.
The gnoll laughs at nothing.
You thump the gnoll!
The gnoll is heavily wounded.
The gnoll hits you with a +0 flail!
* * * LOW HITPOINT WARNING * * *
You sock the gnoll!
You kill the gnoll!
The phantom blinks!
You fail to use your ability.
You hit the gnoll.
The gnoll is lightly wounded.
The gnoll hits you but does no damage. The gnoll hits you.
You die...

#......#...#.....#.........#
#......#...+.....#.........#
#......###'#.....#.........#
...............#.........#
...............#.........#
...............#.........#
..........######.........#
..........#...#[.........#
##+####†###.@)#÷.........#
#...)....#..g.'..........#
#..))....#...†#.....§....#..
#.....)..#..g.##'#########..
+........#....#.............
#######..##...#...÷.........
#..##...#.............
#.......#.............
#.......#.............


You could see 2 gnolls.

Vanquished Creatures
  A hound (D:4)
  3 orc wizards
  Natasha (D:3)
  A worker ant (D:4)
  6 gnolls
  An adder (D:3)
  3 worms
  8 dart slugs
  2 leopard geckos
  7 orcs
  6 giant cockroaches
  9 goblins
  10 hobgoblins
  12 kobolds
  3 quokkas
  6 bats
  A frilled lizard (D:1)
  8 rats
88 creatures vanquished.

Notes
Turn   | Place    | Note
-------+----------+-------------------------------------------
     0 | D:1      | Mrkan the Gargoyle Monk began the quest for the Orb.
     0 | D:1      | Reached XP level 1. HP: 14/14 MP: 1/1
   225 | D:1      | Reached XP level 2. HP: 9/19 MP: 2/2
   679 | D:1      | Reached XP level 3. HP: 18/24 MP: 3/3
   923 | D:2      | Reached skill level 4 in Maces & Flails
  1331 | D:2      | Reached XP level 4. HP: 28/29 MP: 4/4
  1750 | D:3      | Noticed Natasha
  1781 | D:3      | Killed Natasha
  1853 | D:3      | Reached XP level 5. HP: 10/34 MP: 5/5
  2122 | D:3      | Reached skill level 5 in Maces & Flails
  2183 | D:3      | Found a shattered altar of Ashenzari.
  2183 | D:3      | Found a glowing silver altar of Zin.
  2202 | D:3      | Became a worshipper of Zin the Law-Giver
  2202 | D:3      | Reached * piety under Zin
  2202 | D:3      | Reached ** piety under Zin
  2413 | D:3      | Reached XP level 6. HP: 40/40 MP: 6/6
  2733 | D:4      | Reached *** piety under Zin
  2744 | D:4      | Reached skill level 5 in Fighting
  2865 | D:4      | Noticed a phantom
  2873 | D:4      | Reached skill level 6 in Maces & Flails
  2986 | D:4      | HP: 1/40 [gnoll/+0 flail (7)]
  2990 | D:4      | Slain by a gnoll

Skill      XL: |  1  2  3  4  5  6 |
---------------+-------------------+-----
Maces & Flails | 4 5 6 |  6.1
Fighting       | 4 5 |  5.2
Dodging        | |  2.4
Stealth        | |  2.1
Invocations    | |  0.2

Action                   |  1- 3 |  4- 6 || total
-------------------------+-------+-------++-------
Melee: Mace              |   106 |   282 ||   388
Invok: Recite            |       |     1 ||     1
 Stab: Sleeping          |     5 |       ||     5
  Eat: Chunk             |     1 |     2 ||     3
       Ration            |       |     1 ||     1
Armor: Robe              |    40 |     4 ||    44
       Plate armour      |       |   265 ||   265
Dodge: Dodged            |    61 |    68 ||   129
